 Dungeon Crawl Stone Soup version 0.23.2-32-g37ab1d4649 (webtiles) character file.

Game seed: 8880444094241543833

51 DildoBatman the Magician (level 4, -1/30 HPs)
             Began as a Formicid Wizard on June 26, 2019.
             Slain by an adder (2 damage)
             ... on level 3 of the Dungeon.
             The game lasted 00:04:03 (2080 turns).

DildoBatman the Magician (Formicid Wizard)          Turns: 2080, Time: 00:04:03

Health: -1/30      AC:  2    Str: 12    XL:     4   Next: 7%
Magic:  4/8        EV: 12    Int: 18    God:
Gold:   147        SH:  0    Dex:  9    Spells: 2/9 levels left

rFire    . . .     SeeInvis +   q - +2 dagger (venom)
rCold    . . .     Gourm    .   (no shield)
rNeg     . . .     Faith    .   a - +0 robe
rPois    .         Spirit   .   (helmet unavailable)
rElec    .         Reflect  .   (no cloak)
rCorr    .         Harm     .   (no gloves)
MR       .....                  (no boots)
Stlth    ++........             (no amulet)
HPRegen  0.10/turn              m - ring of flight
MPRegen  0.11/turn              (no ring)

@: lethally poisoned (-1 -> -9)
A: permanent stasis, dig shafts and tunnels, four strong arms, antennae 3
a: Dig, Shaft Self, Evoke Flight


You were on level 3 of the Dungeon.
You were not hungry.

You visited 1 branch of the dungeon, and saw 3 of its levels.

You collected 147 gold pieces.

Inventory:

Hand Weapons
 p - a +0 trident
 q - a +2 dagger of venom (weapon)
Missiles
 c - 17 bolts
 f - 38 stones (quivered)
 i - 6 curare-tipped needles
 o - 34 arrows
Armour
 a - a +0 robe (worn)
Jewellery
 m - a ring of flight (left hand)
Wands
 b - a wand of flame (20)
Scrolls
 d - a scroll of random uselessness {unknown}
 j - 2 scrolls of remove curse {unknown}
 k - a scroll of blinking {unknown}
 l - a scroll of enchant weapon {unknown}
 n - a scroll of amnesia {unknown}
 r - a scroll of identify {unknown}
Potions
 e - a potion of flight {unknown}
 g - a potion of resistance {unknown}
 h - 4 potions of magic {unknown}
Comestibles
 v - 8 rations


   Skills:
 - Level 1.7 Dodging
 - Level 2.4 Stealth
 - Level 3.2 Spellcasting
 * Level 3.2 Conjurations
   Level 1.0 Summonings
   Level 0.8 Translocations


You had 2 spell levels left.
You knew the following spells:

 Your Spells              Type           Power        Failure   Level  Hunger
a - Conjure Flame         Conj/Fire      #.......     24%         3    ###....
c - Magic Dart            Conj           ##..         4%          1    None
e - Mephitic Cloud        Conj/Pois/Air  #.......     30%         3    ###....

Your spell library contained the following spells:

 Spells                   Type           Power        Failure   Level  Hunger
 Call Imp                 Summ           #.......     16%         2    ##.....
 Slow                     Hex            #.......     24%         2    ##.....
 Blink                    Tloc           Unusable     N/A         2    N/A

Dungeon Overview and Level Annotations

Branches:
Dungeon (3/15)

Altars:

Annotations:
D:2 1 exclusion


Innate Abilities, Weirdness & Mutations

You cannot be hasted, slowed, berserked, paralysed or teleported.
You can dig through walls and to a lower floor.
Your four strong arms can wield two-handed weapons with a shield.
You have a pair of large antennae on your head. (SInv)


Message History

What are your orders? t - Shout!
Orders for allies: a - Attack new target. r - Retreat! s - Stop attacking. g - Guard the area. f - Follow me.
Anything else - Cancel.
You shout for attention!
The adder bites you.
You are more poisoned.
The adder poisons you! What are your orders? t - Shout!
Orders for allies: a - Attack new target. r - Retreat! s - Stop attacking. g - Guard the area. f - Follow me.
Anything else - Cancel.
You shout for attention!
You feel sick. The adder bites you.
You die...

##### ########@..###
.......S.....#
##..........# ##
#..........# ###.#
...#..........# #...#
..............# ###.#.#
..............# #.<...#
..............#####..####
................#)..##


You could see an adder.

Vanquished Creatures
  An adder (D:2)
  An ooze (D:3)
  2 leopard geckos
  2 bats
  2 giant cockroaches (D:1)
  5 goblins
  6 hobgoblins
  4 frilled lizards
  6 kobolds
  7 rats
36 creatures vanquished.

Notes
Turn   | Place    | Note
-------+----------+-------------------------------------------
     0 | D:1      | DildoBatman the Formicid Wizard began the quest for the
                  | Orb.
     0 | D:1      | Reached XP level 1. HP: 13/13 MP: 4/4
    38 | D:1      | Reached skill level 1 in Conjurations
   265 | D:1      | Reached XP level 2. HP: 19/19 MP: 3/6
   738 | D:1      | Reached XP level 3. HP: 24/24 MP: 4/7
   743 | D:1      | Learned a level 3 spell: Conjure Flame
   747 | D:1      | Learned a level 3 spell: Mephitic Cloud
  2051 | D:3      | Reached XP level 4. HP: 22/30 MP: 1/8
  2080 | D:3      | HP: 1/30 [poisoned by an adder]
  2080 | D:3      | Slain by an adder

Skill      XL: |  1  2  3 |
---------------+----------+-----
Conjurations   | 1 2 3 |  3.2
Dodging        | |  1.7
Stealth        | |  2.4
Spellcasting   | |  3.2
Summonings     | |  1.0
Translocations | |  0.8

Action                   |  1- 3 |  4- 6 || total
-------------------------+-------+-------++-------
Melee: Short sword       |     4 |       ||     4
       Dagger            |    12 |       ||    12
 Cast: Magic Dart        |    84 |     1 ||    85
 Stab: Sleeping          |     1 |       ||     1
  Eat: Chunk             |     3 |       ||     3
Armor: Robe              |     1 |     2 ||     3
Dodge: Dodged            |    18 |    10 ||    28
